Map: [ESL] Inside and Out

Players

LiquidClem (Clem) - Winner!

  • Race: Terran Terran
  • League: Grandmaster
  • Spawn Location: 7:00

ShoWTimE

  • Race: Protoss Protoss
  • Spawn Location: 1:00

Event: HomeStory Cup XXII

VOD

Have the link to the VOD?

Description

Time

  • Played on: Dec. 15, 2022, 11:05 a.m.
  • Length: 20:56

All games in this series

Show
View Real Time Build Order
Export as new Build Order

LiquidClem Terran - Winner!

Build Orders: Reaper Expand 

Get SALT Encoding   

  12  0:00  SCV  
  13  0:12  SCV  
  14  0:17  Supply Depot  
  14  0:24  SCV  
  15  0:38  SCV  
  15  0:39  Barracks  
  16  0:44  Refinery  
  16  0:50  SCV  
  17  1:02  SCV  
  18  1:15  SCV  
  19  1:26  Reaper  
  19  1:27  Orbital Command  
  20  1:38  Command Center  
  20  1:48  Supply Depot  
  20  1:52  SCV  
  21  1:58  Marine  
  22  2:04  SCV  
  23  2:12  Factory  
  23  2:17  SCV  
  23  2:21  Barracks Reactor  
  23  2:22  Bunker  
  24  2:29  SCV  
  25  2:33  Refinery  
  25  2:41  SCV  
  26  2:52  Orbital Command  
  26  2:53  SCV  
  26  2:56  Hellion  
  26  2:57  Marine x2  
  31  3:01  Starport  
  31  3:05  SCV  
  32  3:16  Marine  
  32  3:17  Marine  
  32  3:19  SCV x2  
  36  3:24  Factory Tech Lab  
  35  3:27  Supply Depot  
  35  3:31  SCV x2  
  37  3:34  Marine x2  
  37  3:37  Viking  
  41  3:42  Cyclone  
  41  3:43  SCV x2  
  44  3:52  Supply Depot, Marine x2  
  44  3:55  SCV  
  47  3:56  SCV  
  47  3:59  Barracks  
  46  4:07  SCV  
  46  4:08  SCV  
  48  4:15  Cyclone, Medivac  
  52  4:19  Supply Depot, SCV  
  52  4:20  Marine  
  52  4:22  SCV, Marine  
  56  4:30  Barracks  
  56  4:31  SCV  
  56  4:34  SCV  
  58  4:39  Engineering Bay  
  58  4:44  SCV, Marine x2  
  58  4:46  SCV  
  58  4:56  SCV, Refinery  
  58  4:57  Stimpack, Marine  
  58  4:58  SCV, Starport Tech Lab  
  58  4:59  Factory Reactor  
  61  5:05  Marine  
  61  5:06  Marine  
  63  5:07  Refinery  
  63  5:08  SCV  
  63  5:10  SCV  
  63  5:13  Terran Infantry Weapons Level 1  
  65  5:15  Marine  
  65  5:16  Supply Depot  
  65  5:20  SCV  
  67  5:22  SCV  
  67  5:23  Marine x2  
  70  5:29  Combat Shield  
  70  5:32  Supply Depot  
  70  5:37  SCV x2, Marine x2  
  70  5:41  Marine x2  
  76  5:47  Supply Depot  
  76  5:48  Factory Reactor  
  76  5:49  SCV x2  
  78  5:54  Medivac  
  78  5:55  Medivac  
  82  5:59  Marine x2  
  82  6:01  Marauder  
  82  6:02  Supply Depot, Command Center  
  86  6:09  SCV x2, Marauder  
  90  6:16  Supply Depot  
  90  6:17  Marine x2  
  92  6:21  SCV x2  
  92  6:24  Marauder  
  96  6:30  Barracks  
  96  6:31  Barracks  
  96  6:36  Marauder  
  98  6:41  Widow Mine x2  
  98  6:42  Supply Depot  
  98  6:43  SCV  
  98  6:44  SCV  
  98  6:46  Marine  
  98  6:47  Marine  
  105  6:52  Marauder  
  108  6:54  Medivac  
  110  7:01  Supply Depot  
  110  7:04  SCV, Medivac  
  109  7:10  Widow Mine x2  
  109  7:11  Marauder  
  109  7:13  SCV  
  109  7:14  Marauder  
  119  7:18  Orbital Command  
  119  7:20  SCV  
  116  7:24  Barracks Reactor, Concussive Shells, Barracks Tech Lab  
  116  7:26  SCV  
  117  7:30  Medivac  
  117  7:31  Marine x2  
  117  7:34  SCV  
  122  7:37  Marauder  
  122  7:38  SCV  
  122  7:43  SCV  
  126  7:46  SCV  
  126  7:47  Supply Depot, Marauder  
  126  7:50  SCV  
  130  7:52  Widow Mine x2  
  130  7:54  Terran Infantry Armor Level 1  
  130  7:55  SCV  
  130  7:58  SCV  
  136  8:01  Marine x2  
  136  8:02  SCV  
  138  8:07  Marauder  
  138  8:08  Supply Depot, SCV  
  138  8:09  Supply Depot, Marauder  
  138  8:10  SCV  
  138  8:11  Viking  
  146  8:13  Viking  
  146  8:14  SCV  
  148  8:20  SCV  
  148  8:21  Marauder  
  148  8:22  SCV  
  148  8:24  Supply Depot  
  148  8:29  Widow Mine  
  148  8:30  Widow Mine, Marauder  
  153  8:35  Refinery  
  153  8:36  Refinery  
  153  8:39  Marine x4  
  153  8:40  Command Center  
  155  8:44  Ghost Academy  
  155  8:45  Armory  
  155  8:46  Engineering Bay  
  155  8:52  Widow Mine x2, Marine  
  155  8:54  Viking x2  
  164  9:00  Supply Depot, Marine x2  
  164  9:01  Marine  
  164  9:02  Marauder x2  
  171  9:09  Supply Depot  
  171  9:12  Supply Depot  
  171  9:14  Ghost  
  173  9:23  Ghost x2  
  177  9:24  Viking x2  
  177  9:26  Supply Depot  
  177  9:31  SCV x3  
  184  9:33  Terran Infantry Weapons Level 2  
  184  9:35  Enhanced Shockwaves  
  184  9:37  Terran Ship Weapons Level 1  
  184  9:43  Ghost  
  185  9:46  Marine  
  185  9:47  Marine x3  
  185  9:52  Barracks  
  188  9:53  Barracks  
  188  9:55  Barracks  
  188  9:57  Ghost  
  188  9:58  Starport  
  187  10:02  Viking  
  187  10:04  SCV x3  
  192  10:08  Refinery  
  192  10:10  Marauder  
  192  10:11  Refinery  
  194  10:15  Marauder  
  194  10:16  SCV x2  
  194  10:17  Terran Infantry Armor Level 2  
  198  10:24  SCV  
  198  10:28  Planetary Fortress  
  197  10:30  SCV  
  197  10:31  Refinery  
  197  10:32  SCV  
  197  10:33  Command Center  
  199  10:38  Sensor Tower  
  199  10:45  SCV, Command Center  
  200  10:55  Missile Turret  
  199  10:59  Missile Turret  
  199  11:00  Personal Cloaking, Sensor Tower  
  199  11:05  Fusion Core  
  199  11:18  Marauder  
  196  11:22  Marauder x2  
  188  11:26  Liberator x2, Marine x2  
  188  11:27  Marine  
  188  11:31  Liberator  
  200  11:36  Command Center  
  200  11:39  Marauder  
  200  11:40  Command Center  
  200  11:43  Terran Ship Weapons Level 2  
  200  11:52  Missile Turret  
  200  11:53  Terran Infantry Weapons Level 3  
  200  11:59  Missile Turret  
  200  12:00  Medivac, Marauder  
  190  12:06  Ghost  
  190  12:07  Ghost  
  190  12:08  Marine  
  184  12:09  Viking  
  175  12:16  Viking  
  175  12:21  Viking, Ghost  
  175  12:22  Marine  
  179  12:24  Marine x2  
  179  12:26  Marine x2  
  179  12:27  Orbital Command  
  184  12:35  Marauder  
  184  12:36  Marauder  
  177  12:50  Marauder, Marine x3  
  177  12:51  Marine  
  167  12:56  Medivac, Barracks Tech Lab, Marauder  
  167  12:58  Barracks Tech Lab x2, Marauder  
  173  12:59  Missile Turret  
  173  13:01  Missile Turret  
  173  13:02  Medivac  
  173  13:03  Orbital Command  
  175  13:12  Marauder  
  177  13:17  Viking x2  
  177  13:18  Marauder, Ghost  
  185  13:21  Command Center  
  185  13:26  Viking  
  187  13:32  Viking, Ghost  
  189  13:41  Ghost  
  189  13:44  Marine x2  
  189  13:45  Marauder  
  189  13:47  Viking x2  
  197  13:48  Orbital Command  
  197  13:55  Advanced Ballistics  
  192  14:03  Marauder  
  192  14:04  Barracks Tech Lab  
  192  14:05  Liberator  
  191  14:12  Liberator, Ghost x2  
  191  14:16  Terran Infantry Armor Level 3  
  196  14:17  Marauder x2  
  196  14:18  Marine  
  196  14:32  Ghost x2  
  196  14:36  Viking x2, Marine x4  
  196  14:38  Marine  
  184  14:39  Marauder  
  184  14:41  Marine x2  
  186  14:50  Liberator  
  186  14:54  Marine  
  186  14:55  Refinery  
  186  14:58  Liberator  
  186  15:05  Liberator, Marauder x2  
  190  15:10  SCV  
  190  15:14  Planetary Fortress  
  183  15:15  SCV  
  183  15:17  Marauder x3, Marine  
  183  15:20  SCV  
  173  15:25  Marine  
  173  15:26  Marine x2  
  176  15:29  Liberator  
  179  15:36  Sensor Tower  
  179  15:40  SCV x2  
  179  15:41  SCV x2  
  183  15:45  SCV x2  
  183  15:49  Liberator  
  188  15:54  Liberator  
  191  15:59  Liberator  
  193  16:04  Ghost  
  193  16:06  Marine x2  
  193  16:09  Marauder, Marine  
  193  16:13  Marauder  
  193  16:14  Marauder  
  193  16:16  Liberator  
  194  16:24  Marauder x2, Marine  
  199  16:31  Missile Turret  
  199  16:33  Refinery  
  199  16:34  Marine  
  193  16:43  Liberator x2  
  193  16:46  Liberator  
  190  16:51  Ghost  
  190  16:53  Marine x2  
  190  16:54  Marauder x2  
  187  16:56  Marauder x2, Marine x2  
  187  17:00  Marauder  
  181  17:11  Liberator, Marine  
  181  17:15  Marauder x2  
  179  17:16  Marine x3  
  179  17:17  Marauder, Marine  
  179  17:20  Marauder  
  179  17:21  Marauder  
  182  17:28  Marine  
  183  17:33  Marine x2  
  183  17:34  Marine  
  183  17:35  Ghost  
  183  17:36  Marine  
  189  17:40  Sensor Tower  
  189  17:41  Missile Turret  
  189  17:42  Marauder x3  
  189  17:43  Marine  
  192  17:53  Ghost  
  192  17:55  Marine  
  194  18:01  Marauder  
  194  18:04  Marauder x2, Marine  
  198  18:28  Ghost  
  200  18:36  Terran Vehicle And Ship Armor Level 1  
  200  18:38  Neosteel Armor, Orbital Command  
  200  18:39  Missile Turret  
  200  19:04  Missile Turret  
  200  19:08  Sensor Tower  
  200  19:32  Marauder  
  186  19:39  Medivac  
  186  19:40  Orbital Command  
  186  19:43  Marauder x2  
  186  19:45  Medivac  
  170  19:46  Marauder x2, Marine x3  
  170  19:47  Marine x2  
  170  19:52  Medivac  
  151  19:53  Marine  
  143  20:00  Liberator  
  143  20:04  Marine x4  
  143  20:05  Marauder x3  
  156  20:09  Refinery x2, Marauder x2  
  156  20:11  Marine  
  161  20:16  Medivac x2  
  154  20:21  Marine  
  154  20:22  Marine x3  
  154  20:23  SCV x2  
  154  20:25  Ghost  
  154  20:26  Marauder  
  154  20:27  Marauder  
  164  20:29  Marine x2  
  164  20:30  Marauder  
Show
View Real Time Build Order
Export as new Build Order

ShoWTimE Protoss 

Build Orders: 1 Gate Expand, Oracle Opening 

Get SALT Encoding   

  12  0:00  Probe  
  13  0:12  Probe  
  14  0:17  Pylon  
  14  0:24  Probe (Chrono Boost)  
  15  0:35  Gateway  
  15  0:36  Probe (Chrono Boost)  
  16  0:45  Probe (Chrono Boost)  
  16  0:46  Assimilator  
  17  0:51  Probe  
  18  1:03  Probe  
  19  1:15  Probe  
  20  1:22  Cybernetics Core  
  20  1:31  Nexus  
  20  1:34  Probe  
  21  1:41  Pylon  
  21  1:46  Probe  
  22  1:48  Assimilator  
  22  1:56  Adept (Chrono Boost)  
  22  1:58  Probe  
  25  2:10  Probe  
  26  2:15  Stargate  
  26  2:18  Adept (Chrono Boost)  
  26  2:22  Probe  
  29  2:29  Warp Gate  
  29  2:35  Probe (Chrono Boost)  
  30  2:43  Adept, Probe (Chrono Boost)  
  34  2:52  Probe (Chrono Boost)  
  34  2:53  Probe (Chrono Boost)  
  34  2:58  Probe x2 (Chrono Boost)  
  35  3:00  Oracle (Chrono Boost)  
  40  3:06  Pylon  
  40  3:10  Probe  
  40  3:11  Probe  
  42  3:17  Adept  
  44  3:22  Gateway, Probe  
  44  3:23  Probe  
  46  3:34  Oracle, Probe  
  46  3:35  Probe  
  46  3:38  Pylon  
  51  3:46  Probe  
  51  3:47  Probe  
  52  3:54  Nexus  
  52  3:58  Probe  
  52  3:59  Probe  
  54  4:06  Assimilator  
  54  4:08  Assimilator  
  54  4:10  Probe  
  54  4:11  Probe  
  54  4:14  Phoenix  
  56  4:19  Shield Battery  
  56  4:22  Probe  
  56  4:23  Pylon  
  56  4:24  Probe  
  58  4:29  Robotics Facility  
  58  4:34  Probe  
  58  4:36  Twilight Council  
  58  4:37  Probe  
  57  4:47  Probe  
  57  4:49  Probe  
  59  4:53  Gateway  
  59  4:55  Gateway  
  59  4:59  Probe, Stalker  
  59  5:01  Probe  
  60  5:07  Stalker  
  60  5:08  Shield Battery, Charge (Chrono Boost)  
  60  5:11  Probe  
  60  5:12  Probe  
  64  5:16  Probe  
  64  5:18  Observer (Chrono Boost)  
  66  5:23  Robotics Bay  
  66  5:27  Stalker  
  67  5:36  Immortal (Chrono Boost)  
  67  5:39  Zealot  
  67  5:40  Probe x2  
  67  5:41  Probe  
  76  5:43  Pylon  
  75  5:52  Gateway, Probe  
  75  5:53  Probe x2  
  75  5:54  Pylon  
  75  5:55  Sentry  
  80  6:00  Pylon  
  80  6:01  Sentry  
  82  6:05  Probe x2  
  82  6:07  Shield Battery, Pylon  
  84  6:11  Probe  
  84  6:12  Colossus (Chrono Boost)  
  90  6:19  Zealot  
  90  6:20  Zealot  
  90  6:22  Zealot  
  96  6:26  Pylon  
  94  6:34  Zealot  
  94  6:39  Probe x2  
  98  6:44  Forge  
  98  6:48  Zealot x2  
  98  6:49  Zealot, Pylon  
  98  6:52  Colossus (Chrono Boost)  
  110  6:58  Zealot x2, Pylon  
  110  7:00  Probe x3  
  111  7:09  Zealot x3  
  111  7:12  Probe x2  
  117  7:18  Protoss Ground Weapons Level 1 (Chrono Boost), Stalker  
  117  7:19  Stalker  
  117  7:21  Probe  
  122  7:24  Probe  
  123  7:33  Assimilator  
  123  7:36  Zealot x2  
  127  7:37  Assimilator  
  127  7:39  Colossus (Chrono Boost)  
  127  7:42  Probe  
  134  7:44  Photon Cannon  
  134  7:49  Extended Thermal Lance  
  134  7:50  Probe  
  135  7:53  Photon Cannon  
  135  7:55  Photon Cannon  
  135  8:03  Zealot x4  
  136  8:15  Probe  
  136  8:19  Zealot, Pylon  
  137  8:23  Probe  
  137  8:24  Nexus, Probe  
  136  8:30  Observer  
  135  8:34  Probe  
  135  8:35  Probe  
  135  8:36  Robotics Facility  
  135  8:38  Probe  
  134  8:43  Stalker x3  
  134  8:46  Shield Battery, Probe  
  141  8:50  Pylon  
  141  8:56  Forge  
  141  8:57  Pylon  
  139  9:07  Protoss Ground Weapons Level 2 (Chrono Boost)  
  139  9:08  Observer (Chrono Boost)  
  139  9:09  Probe  
  141  9:13  Photon Cannon  
  141  9:15  Probe  
  142  9:17  Pylon  
  142  9:20  Blink  
  142  9:21  Zealot x3  
  148  9:29  Pylon x2  
  148  9:33  Protoss Ground Armor Level 1 (Chrono Boost)  
  148  9:34  Disruptor x2  
  154  9:41  Zealot x2  
  154  9:44  Shield Battery  
  158  9:47  Pylon  
  158  9:49  Zealot x3  
  158  9:52  Dark Shrine  
  162  9:53  Probe x2  
  162  9:57  Probe  
  162  9:59  Assimilator  
  163  10:01  Assimilator  
  163  10:10  Disruptor x2 (Chrono Boost)  
  163  10:11  Gateway, Probe  
  163  10:12  Probe  
  163  10:13  Gateway  
  171  10:15  Probe  
  171  10:16  Gateway  
  170  10:24  Stalker x3  
  170  10:26  Observer  
  170  10:27  Probe  
  171  10:33  Probe  
  168  10:43  Disruptor x2 (Chrono Boost)  
  168  10:44  Gateway, Pylon  
  168  10:45  Gateway  
  174  10:54  Zealot x5  
  174  10:55  Pylon  
  183  11:16  Protoss Ground Armor Level 2 (Chrono Boost)  
  179  11:19  Stalker x6  
  191  11:26  Shadow Stride  
  191  11:38  Protoss Ground Weapons Level 3 (Chrono Boost)  
  191  11:41  Zealot x2  
  191  11:43  Zealot x2  
  191  11:46  Shield Battery  
  199  11:47  Nexus, Pylon  
  199  11:56  Gateway  
  199  11:58  Gateway  
  185  12:04  Disruptor (Chrono Boost)  
  185  12:06  Dark Templar x7  
  180  12:18  Warp Prism (Chrono Boost)  
  178  12:23  Dark Templar x3  
  178  12:29  Probe x2  
  186  12:32  Photon Cannon  
  186  12:33  Observer (Chrono Boost), Photon Cannon  
  186  12:35  Shield Battery  
  187  12:39  Zealot x5  
  187  12:40  Zealot  
  187  12:44  Archon x3  
  191  12:46  Archon  
  191  12:50  Stalker  
  189  12:56  Disruptor x2 (Chrono Boost)  
  189  12:59  Photon Cannon  
  189  13:00  Photon Cannon  
  189  13:04  Dark Templar x2  
  194  13:27  Protoss Ground Armor Level 3 (Chrono Boost)  
  194  13:31  Disruptor  
  194  13:32  Disruptor  
  190  13:49  Dark Templar x5  
  188  14:11  Gateway  
  188  14:16  Dark Templar x3, Gateway  
  188  14:17  Nexus, Dark Templar x3  
  176  14:39  Dark Templar x2  
  176  14:40  Dark Templar x4  
  176  14:43  Probe x3, Pylon  
  176  14:44  Protoss Shields Level 1 (Chrono Boost)  
  187  14:56  Stalker x6  
  199  15:06  Photon Cannon  
  193  15:08  Photon Cannon  
  193  15:09  Shield Battery  
  178  15:22  Stalker x11  
  178  15:23  Stalker  
  178  15:25  Probe  
  193  15:31  Zealot, Colossus x2 (Chrono Boost)  
  193  15:32  Zealot  
  200  15:39  Photon Cannon  
  200  15:53  Assimilator  
  200  15:54  Assimilator  
  194  15:59  Zealot x5  
  200  16:07  Zealot x4  
  188  16:17  Zealot x5  
  175  16:24  Stalker x5  
  175  16:25  Colossus (Chrono Boost)  
  189  16:33  Stalker x4  
  189  16:35  Colossus (Chrono Boost)  
  182  16:54  Dark Templar  
  182  16:55  Zealot x3, Dark Templar x5  
  190  17:14  Disruptor (Chrono Boost)  
  142  17:20  Disruptor (Chrono Boost)  
  142  17:21  Zealot x4  
  142  17:22  Zealot x4  
  151  17:36  Zealot x6  
  161  17:40  Disruptor (Chrono Boost)  
  161  17:42  Zealot x5  
  161  17:43  Zealot x3  
  161  17:44  Disruptor (Chrono Boost)  
  181  17:52  Assimilator  
  181  17:55  Assimilator  
  168  17:58  Stalker x6  
  167  18:08  Disruptor (Chrono Boost)  
  162  18:14  Disruptor (Chrono Boost)  
  156  18:20  Stalker  
  156  18:21  Stalker x7  
  156  18:26  Zealot x5  
  174  18:41  Disruptor (Chrono Boost)  
  176  18:44  Zealot x5, Dark Templar  
  176  18:45  Zealot  
  190  18:50  Observer (Chrono Boost)  
  190  18:52  Zealot x5  
  195  19:03  Zealot x2  
  199  19:11  Observer  
  183  19:36  Zealot x10  
  183  19:37  Disruptor x2  
  147  19:45  Stalker  
  147  19:46  Stalker x3  
  114  19:59  Stalker x5  
  110  20:15  Void Ray (Chrono Boost)  
  101  20:23  Stalker  
  101  20:24  Stalker  
  101  20:29  Stalker x3  
  104  20:39  Dark Templar x2  
  100  20:44  Zealot  
  96  20:52  Zealot  
  96  20:53  Zealot  
Tags
 
Add a new tag
Caveats
  • Supply blocks, unpowered buildings, or Contaminate may cause inaccurate times.
  • Supply counts are checked every 10 seconds.